 Dungeon Crawl Stone Soup version 0.18.1-6-gd335043 (webtiles) character file.

3502 Helmschank the Cleaver (level 9, -2/74 HPs)
             Began as a Minotaur Monk on May 16, 2016.
             Was a Priest of Qazlal.
             Slain by a yak (4 damage)
             ... on level 8 of the Dungeon.
             The game lasted 00:39:48 (8526 turns).

Helmschank the Cleaver (Minotaur Monk)              Turns: 8526, Time: 00:39:49

Health: -2/74      AC:  9    Str: 25    XL:     9   Next: 80%
Magic:  21/21      EV: -3    Int:  7    God:    Qazlal [***...]
Gold:   368        SH:  0    Dex: 13    Spells: 0 memorised, 8 levels left

rFire  + . .     SeeInvis .     a - +1 hand axe
rCold  . . .     Gourm    .     J - +3 leather armour {rF+}
rNeg   + + +     Faith    .     (no shield)
rPois  ∞         Spirit   .     D - +0 hat
rElec  .         Dismiss  .     w - +0 cloak
rCorr  .         Reflect  .     (no gloves)
SustAt .         Harm     .     y - +0 pair of boots
MR     .....                    (no amulet)
Stlth  +.........               x - +6 ring of strength
                                j - ring of magical power

@: petrified, not resistant to hostile enchantments, very unstealthy
A: retaliatory headbutt, horns 2
a: Upheaval, Elemental Force, Renounce Religion


You were on level 8 of the Dungeon.
You worshipped Qazlal.
Qazlal was most pleased with you.
You were not hungry.

You visited 2 branches of the dungeon, and saw 9 of its levels.

You collected 368 gold pieces.

Inventory:

Hand Weapons
 a - a +1 hand axe (weapon)
 b - a +1 whip of flaming
 f - a +2 falchion of venom
 u - a +0 hand crossbow
Missiles
 d - 71 bolts
 h - 43 poisoned needles
 R - 102 stones (quivered)
Armour
 w - a +0 cloak (worn)
 y - a +0 pair of boots (worn)
 B - a +0 chain mail
 D - a +0 hat (worn)
 J - a +3 leather armour of fire resistance (worn)
Jewellery
 j - a ring of magical power (left hand)
 x - a +6 ring of strength (right hand)
Wands
 p - a wand of confusion (16/48)
 A - a wand of flame (24/48)
 G - a wand of flame (30/48)
Scrolls
 g - a scroll of identify
 i - 2 scrolls of teleportation
 l - a scroll of amnesia
 m - 2 scrolls of magic mapping
 C - 2 scrolls of fear
 F - 3 scrolls of remove curse
Potions
 c - a potion of heal wounds
 k - 3 potions of curing
 o - a potion of agility
 r - 2 potions of haste
 z - 2 potions of cancellation
 H - a potion of degeneration
 K - 2 potions of brilliance
 L - a potion of magic
Comestibles
 n - 4 fruits
 q - 5 bread rations
 s - 3 beef jerkies
 v - 3 meat rations


   Skills:
 - Level 5.4 Fighting
 * Level 10.2(10.7) Axes
 - Level 5.2(8.4) Maces & Flails
 + Level 7.3 Armour
 - Level 4.8 Dodging
 - Level 1.5 Stealth
 - Level 4.3 Unarmed Combat
 + Level 6.2 Invocations


You had 8 spell levels left.
You didn't know any spells.

Dungeon Overview and Level Annotations

Branches:
Dungeon (8/15)             Temple (1/1) D:4
   Lair: D:8-11

Altars:
Ashenzari
Cheibriados
Dithmenos
Elyvilon
Fedhas
Gozag
Kikubaaqudgha
Makhleb
Nemelex Xobeh
Okawaru
Pakellas
Qazlal
Ru
Sif Muna
Trog
Vehumet
Xom
Yredelemnul
Zin
The Shining One

Annotations:
D:6 AkodoBob's ghost, novice TrMo


Innate Abilities, Weirdness & Mutations

You reflexively headbutt those who attack you in melee.
You have a pair of horns on your head.


Message History

The yak is engulfed in roaring flames.
The yak gores you.
* * * LOW HITPOINT WARNING * * *
The yak gores you!
* * * LOW HITPOINT WARNING * * *
The yak gores you. The yak gores you!
* * * LOW HITPOINT WARNING * * *
The yak is engulfed in roaring flames.
The yak gores you but does no damage. The yak gores you. x2
* * * LOW HITPOINT WARNING * * *
The yak gores you.
* * * LOW HITPOINT WARNING * * *
The worker ant bites you.
* * * LOW HITPOINT WARNING * * *
The yak is engulfed in roaring flames.
You kill the yak!
Qazlal accepts your kill. The yak gores you!
* * * LOW HITPOINT WARNING * * *
The yak gores you. The yak gores you!
You die...

..........
.........###
...........## ..
............# #..
............###...
##$.............#
#.%.(.......$(.###
#.P...a§†(......#
#.%....Y@)#.......K
##.((..§YY÷)..#....
'.....(l#(.....(..
'......###.......K
#..(..## .......#.
#....)# ...#..###
##%P.. #......#
.%... .....#.# #...
......#..


You could see 3 yaks, a basilisk and a worker ant.

Vanquished Creatures
  Pikel (D:7)
  Joseph (D:7)
  A two-headed ogre (D:8)
  Prince Ribbit (D:7)
  A yak (D:8)
  Duvessa (D:7)
  A necrophage (D:8)
  An ogre (D:6)
  2 big kobolds (D:8)
  3 giant frogs
  Dowan (D:7)
  2 scorpions (D:7)
  9 killer bees
  A centaur zombie (D:4)
  A crimson imp (D:7)
  3 hounds
  6 orc wizards
  A jelly (D:5)
  Crazy Yiuf (D:3)
  2 orc priests (D:5)
  A centaur skeleton (D:5)
  2 iguanas (D:7)
  5 worker ants
  A hound skeleton (D:5)
  4 gnolls (D:6)
  16 adders
  A shadow imp (D:5)
  2 adder zombies
  4 worms
  2 dart slugs (D:2)
  6 giant geckos
  20 orcs
  4 giant cockroaches
  6 goblins
  8 hobgoblins
  12 jackals
  6 quokkas
  6 ball pythons
  11 bats
  2 giant newts
  14 kobolds
  A quokka skeleton (D:4)
  A quokka zombie (D:5)
  13 rats
  2 butterflies (D:4)
190 creatures vanquished.

Vanquished Creatures (others)
  A giant cockroach (D:7)
1 creature vanquished.

Grand Total: 191 creatures vanquished

Notes
Turn   | Place    | Note
--------------------------------------------------------------
     0 | D:1      | Helmschank the Minotaur Monk began the quest for the Orb.
     0 | D:1      | Reached XP level 1. HP: 19/19 MP: 0/0
     1 | D:1      | You fall through a shaft!
   264 | D:1      | Reached XP level 2. HP: 26/27 MP: 1/1
  1222 | D:2      | Found a radiant altar of Vehumet.
  1225 | D:2      | Found a shimmering altar of Xom.
  1225 | D:2      | Found a bloodstained altar of Trog.
  1225 | D:2      | Found a blossoming altar of Fedhas.
  1250 | D:2      | Found a shattered altar of Ashenzari.
  1428 | D:2      | Reached XP level 3. HP: 34/34 MP: 2/2
  1439 | D:2      | Reached skill level 1 in Maces & Flails
  1505 | D:2      | Found a shimmering altar of Xom.
  2184 | D:3      | Reached XP level 4. HP: 35/41 MP: 3/3
  2423 | D:3      | Found a sparkling altar of Nemelex Xobeh.
  2505 | D:3      | Noticed Crazy Yiuf
  2517 | D:3      | Killed Crazy Yiuf
  2517 | D:3      | Reached skill level 5 in Fighting
  2517 | D:3      | Reached XP level 5. HP: 35/48 MP: 4/4
  2895 | D:3      | Found a glowing golden altar of the Shining One.
  3029 | D:3      | Reached XP level 6. HP: 31/56 MP: 5/5
  3262 | D:4      | Found a stormy altar of Qazlal.
  3268 | D:4      | Became a worshipper of Qazlal Stormbringer
  3268 | D:4      | Reached * piety under Qazlal
  3268 | D:4      | Reached ** piety under Qazlal
  3558 | D:4      | Found a sacrificial altar of Ru.
  3757 | D:4      | Found a staircase to the Ecumenical Temple.
  3764 | Temple   | Entered the Ecumenical Temple
  3898 | D:4      | Reached skill level 1 in Armour
  3898 | D:4      | Reached skill level 1 in Invocations
  3904 | D:4      | Reached skill level 5 in Maces & Flails
  4540 | D:4      | Noticed a moth of wrath
  4543 | D:4      | Found a bloodstained altar of Trog.
  4676 | D:5      | Entered Level 5 of the Dungeon
  4682 | D:5      | Reached skill level 1 in Axes
  4812 | D:5      | Reached XP level 7. HP: 33/61 MP: 7/7
  4853 | D:5      | Reached skill level 2 in Axes
  5199 | D:5      | Found a glowing silver altar of Zin.
  5202 | D:5      | Found a burning altar of Makhleb.
  5203 | D:5      | Noticed an Executioner
  5203 | D:5      | Noticed an angel
  5466 | D:6      | Noticed AkodoBob's ghost (novice TrMo)
  5589 | D:5      | Reached skill level 3 in Axes
  5666 | D:6      | Found a sacrificial altar of Ru.
  5973 | D:6      | Reached skill level 4 in Axes
  6387 | D:6      | Found a sparkling altar of Nemelex Xobeh.
  6458 | D:7      | Noticed Prince Ribbit
  6491 | D:7      | Killed Prince Ribbit
  6491 | D:7      | Reached skill level 5 in Axes
  6491 | D:7      | Reached XP level 8. HP: 38/69 MP: 9/9
  6566 | D:7      | Noticed Duvessa
  6573 | D:7      | Noticed Dowan
  6576 | D:7      | Noticed Joseph
  6576 | D:7      | Killed Duvessa
  6580 | D:6      | Reached *** piety under Qazlal
  6739 | D:7      | Killed Dowan
  6898 | D:7      | Reached skill level 6 in Axes
  6908 | D:7      | Found a deep blue altar of Sif Muna.
  6983 | D:7      | Killed Joseph
  6983 | D:7      | Reached skill level 7 in Axes
  6983 | D:7      | Reached skill level 5 in Armour
  7157 | D:7      | Found a snail-covered altar of Cheibriados.
  7201 | D:7      | Reached XP level 9. HP: 45/74 MP: 11/11
  7201 | D:7      | Reached skill level 8 in Axes
  7204 | D:7      | Noticed Pikel
  7949 | D:7      | Killed Pikel
  7949 | D:7      | Reached skill level 5 in Invocations
  8031 | D:7      | Found an opulent altar of Gozag.
  8249 | D:8      | Reached skill level 9 in Axes
  8507 | D:8      | Reached skill level 10 in Axes
  8526 | D:8      | HP: 2/74 [yak (4)]
  8526 | D:8      | Slain by a yak

Skill      XL: |  1  2  3  4  5  6  7  8  9 |
---------------+----------------------------+-----
Fighting       | 4 5 |  5.4
Maces & Flails | 2 3 4 5 |  5.2
Dodging        | 4 |  4.8
Armour         | 2 4 5 7 |  7.3
Invocations    | 1 3 4 6 |  6.2
Axes           | 1 5 7 10 | 10.2
Stealth        | |  1.5
Unarmed Combat | |  4.3

Action                   |  1- 3 |  4- 6 |  7- 9 || total
-------------------------+-------+-------+-------++-------
Melee: Unarmed           |    93 |    77 |       ||   170
       Headbutt          |    12 |    31 |    56 ||    99
       Punch             |     1 |     1 |     5 ||     7
       Whip              |       |   105 |    90 ||   195
       Hand axe          |       |       |   175 ||   175
       Falchion          |       |       |     1 ||     1
Throw: Javelin           |    23 |    30 |    22 ||    75
       Stone             |     6 |     5 |     6 ||    17
Invok: Upheaval          |       |       |     3 ||     3
Evoke: Wand              |       |       |     2 ||     2
  Use: Scroll            |       |    11 |     7 ||    18
       Potion            |       |       |     2 ||     2
 Stab: Sleeping          |     4 |     1 |       ||     5
       Invisible         |       |     2 |     4 ||     6
       Paralysed         |       |     1 |       ||     1
  Eat: Chunk             |     4 |     8 |     8 ||    20
       Pizza             |       |       |     1 ||     1
       Fruit             |       |       |     3 ||     3
Armor: Robe              |    18 |    12 |       ||    30
       Chain mail        |       |    48 |    72 ||   120
       Ring mail         |       |     1 |       ||     1
       Leather armour    |       |       |    18 ||    18
Dodge: Dodged            |    57 |    82 |   137 ||   276
Block: Other             |       |     5 |    39 ||    44
